 Dungeon Crawl Stone Soup version 0.30-a0-29-g142975f185 (webtiles) character file.

Game seed: 287783432984277766

6520 AttackTheMoon the Blocker (level 11, -8/89 HPs)
             Began as a Gnoll Fighter on Aug 25, 2022.
             Was a Follower of Ashenzari.
             Mangled by a troll (10 damage)
             ... on level 9 of the Dungeon on Aug 26, 2022.
             The game lasted 00:16:31 (9781 turns).

AttackTheMoon the Blocker (Gnoll Fighter)           Turns: 9781, Time: 00:16:32

Health: -8/89      AC: 11    Str: 21    XL:     11   Next: 0%
Magic:  20/20      EV: 12    Int: 13    God:    Ashenzari [*.....]
Gold:   1647       SH: 11    Dex: 11    Spells: 22/22 levels left

rFire   x . .      SeeInvis .    a - +1 war axe
rCold   + + .      Faith    .    c - +0 buckler of the Pangnostic Sky {Range, Evo} (curse)
rNeg    . . .      Spirit   .    b - +0 scale mail
rPois   .          Reflect  +    m - +0 helmet
rElec   .          Harm     .    (no cloak)
rCorr   .          Rampage  .    y - +0 pair of gloves "Restrained Sorrow" {Cun, Bglg} (curse)
Will    .....                    u - +3 pair of mountain boots {steadfast, rC+}
Stlth   ++........               h - amulet of reflection
HPRegen 0.24/turn                i - +6 ring of intelligence
MPRegen 0.17/turn                o - ring of ice

@: corroded
A: fangs 1, strong nose, distributed training
a: Renounce Religion, Shatter the Chains


You were on level 9 of the Dungeon.
You worshipped Ashenzari.
Ashenzari was aware of your devotion.
You visited 2 branches of the dungeon, and saw 10 of its levels.
You also visited: Ossuary.

You collected 1647 gold pieces.

Inventory:

Hand Weapons
 a - a +1 war axe (weapon)
 q - a +5 great sword
 E - a +0 broad axe
Missiles
 n - 2 throwing nets
Armour
 b - a +0 scale mail (worn)
 c - the cursed +0 buckler of the Pangnostic Sky (worn) {Range, Evo}

   It has a curse which improves the following skills: Ranged Combat: Ranged
   Weapons and Throwing.
   Evocations: Evocations.
 m - a +0 helmet (worn)
 u - the +3 pair of mountain boots (worn) {steadfast, rC+}
   (You acquired it on level 3 of the Dungeon)

   It prevents involuntary movement, except for blinking, teleportation, or
   banishment.
   rC:        It protects you from cold.
 y - the cursed +0 pair of gloves "Restrained Sorrow" (worn) {Cun, Bglg}
   (You found it on level 6 of the Dungeon)

   It has a curse which improves the following skills: Cunning: Dodging and
   Stealth.
   Beguiling: Conjurations, Hexes and Translocations.
 A - the +1 pair of boots of Beycsus {Str+4 Int+3}
   (You found it in an ossuary)

   Str:       It affects your strength (+4).
   Int:       It affects your intelligence (+3).
 H - +0 acid dragon scales
Jewellery
 h - an amulet of reflection (around neck)
 i - a +6 ring of intelligence (left hand)
 o - a ring of ice (right hand)
 r - a ring of fire
 v - an amulet of the acrobat
 w - a ring of fire
 F - a ring of poison resistance
 I - a +4 ring of evasion
Wands
 j - a wand of flame (14) (quivered)
Scrolls
 f - a scroll of teleportation
 s - 5 scrolls of poison
 J - 2 scrolls of summoning
 K - a scroll of amnesia
Potions
 d - 5 potions of might
 e - 3 potions of flight
 g - 2 potions of haste
 k - 6 potions of lignification
 l - 4 potions of invisibility
 p - 3 potions of ambrosia
 t - 4 potions of mutation
 x - 3 potions of brilliance
 z - 2 potions of degeneration
 B - a potion of resistance
 C - 2 potions of curing
 D - 3 potions of magic
 G - 2 potions of attraction


   Skills:
 + Level 9.0 Fighting
 + Level 6.0 Short Blades
 + Level 6.0 Long Blades
 + Level 7.6 Axes
 + Level 6.0 Maces & Flails
 + Level 6.0 Polearms
 + Level 6.0 Staves
 + Level 6.0(6.9) Ranged Weapons
 + Level 6.0(6.9) Throwing
 + Level 9.0 Armour
 + Level 6.0(6.9) Dodging
 + Level 6.0(6.9) Stealth
 + Level 9.0 Shields
 + Level 6.0 Unarmed Combat
 + Level 6.0 Spellcasting
 + Level 5.0(5.8) Conjurations
 + Level 5.0(5.8) Hexes
 + Level 5.0 Summonings
 + Level 5.0 Necromancy
 + Level 5.0(5.8) Translocations
 + Level 5.0 Transmutations
 + Level 5.0 Fire Magic
 + Level 5.0 Ice Magic
 + Level 5.0 Air Magic
 + Level 5.0 Earth Magic
 + Level 5.0 Poison Magic
 + Level 6.6 Invocations
 + Level 6.0(6.9) Evocations


You had 22 spell levels left.
You didn't know any spells.
Your spell library contained the following spells:

 Spells                   Type           Power      Damage    Failure   Level
 Apportation              Tloc           38%        N/A       4%          1
 Freeze                   Ice            100%       1d11      6%          1
 Necrotise                Necr           64%        1d7       6%          1
 Sting                    Tmut/Pois      64%        1d6       6%          1
 Summon Small Mammal      Summ           64%        N/A       6%          1
 Passwall                 Tmut/Erth      13%        N/A       10%         2
 Poisonous Vapours        Pois/Air       32%        N/A       10%         2
 Dazzling Flash           Conj/Hex       38%        N/A       13%         3
 Frozen Ramparts          Ice            50%        1d8       19%         3
 Iskenderun's Mystic Bla  Conj/Tloc      19%        2d6       41%         4
 Hailstorm                Conj/Ice       27%        3d7       45%         4
 Olgreb's Toxic Radiance  Pois           16%        N/A       52%         4
 Starburst                Conj/Fire      9%         6d5       100%        6
 Ozocubu's Refrigeration  Ice            12%        4d10      100%        7
 Ignition                 Fire           8%         3d5       100%        8


Dungeon Overview and Level Annotations

Branches:
Dungeon (9/15)             Temple (1/1) D:6         Ossuary (visited)
   Lair: D:8-11         Orc: D:9-12

Altars:
Ashenzari
Cheibriados
Dithmenos
Elyvilon
Gozag
Hepliaklqana
Makhleb
Nemelex Xobeh
Okawaru
Qazlal
Sif Muna
Trog
Uskayaw
Vehumet
Wu Jian
Xom
Yredelemnul
The Shining One

Shops:
D:8 (


Innate Abilities, Weirdness & Mutations

You have very sharp teeth.
Your uncanny sense of smell can sniff out nearby items.
Your experience applies equally to all skills.


Message History

You closely miss the troll. The acid dragon spits acid at you.
The splash of acid hits you! The acid corrodes you!
You block the troll's attack. x3
You barely miss the troll. Your bite misses the troll.
You block the troll's attack. The troll claws you but does no damage.
The troll claws you. You block the troll's attack.
The troll claws you but does no damage. x2
The acid dragon spits acid at you. The splash of acid hits you!!
You are too injured to fight recklessly!
You are too injured to fight recklessly!
You are too injured to fight recklessly!
You are too injured to fight recklessly!
You are too injured to fight recklessly!
You are too injured to fight recklessly!
You are too injured to fight recklessly!
You are too injured to fight recklessly!
You are too injured to fight recklessly!
You are too injured to fight recklessly!
You are too injured to fight recklessly!
You are too injured to fight recklessly!
You are too injured to fight recklessly!
You are too injured to fight recklessly!
You are too injured to fight recklessly!
You are too injured to fight recklessly!
You are too injured to fight recklessly!
You are too injured to fight recklessly!
The troll bites you. The troll barely misses you.
The troll claws you but does no damage. The acid dragon spits acid at you.
The splash of acid misses you.
You feel better. The troll bites you!
* * * LOW HITPOINT WARNING * * *
The troll closely misses you. The troll claws you!
* * * LOW HITPOINT WARNING * * *
You closely miss the troll. The troll bites you!
* * * LOW HITPOINT WARNING * * *
The troll claws you!
You die...

#########################
...............>.........
.................# .....
.................###.....
......................#
......................#
...........#####D.....#
...........# +T##......
...........# #@# ......
...........# #.# .....
#.. ..... #### .#.. ....


You could see a troll and an acid dragon (catching breath).

Vanquished Creatures
  A two-headed ogre (D:8)
  An ugly thing (D:9)
  Psyche (D:7)
  A troll (D:6)
  A shadow (D:9)
  9 yaks
  Eustachio (D:6)
  Grum (D:8)
  A steam dragon (D:7)
  A water moccasin (D:6)
  An acid dragon (D:8)
  3 sky beasts
  2 orc warriors
  2 ice beasts
  2 black bears (D:8)
  The ghost of porpoise the Trooper, an amateur HOAM (D:3)
  3 wolves
  3 phantoms
  2 kobold brigands
  2 gnoll sergeants
  3 water moccasin zombies (Ossuary)
  4 wights
  4 howler monkeys
  2 jellies
  3 hounds
  4 orc priests
  3 orc wizards
  2 iguanas
  2 mummies (Ossuary)
  17 gnolls
  5 adders
  2 hound simulacra (D:3)
  2 shadow imps (D:7)
  A white imp (D:7)
  2 ufetubi
  6 adder zombies (Ossuary)
  3 worms
  3 dart slugs
  An adder simulacrum (D:3)
  14 orcs
  3 endoplasms
  4 giant cockroaches
  4 gnoll zombies (Ossuary)
  6 goblins
  6 hobgoblins
  13 jackals
  10 kobolds
  4 quokkas
  11 ball pythons
  A ball python simulacrum (D:3)
  3 bats
  3 frilled lizards
  4 hobgoblin zombies (Ossuary)
  5 kobold zombies (Ossuary)
  An orc zombie (Ossuary)
  A quokka simulacrum (D:3)
  5 rats
  2 butterflies (D:6)
208 creatures vanquished.

Vanquished Creatures (others)
  An orc wizard (D:9)
  A kobold (D:8)
2 creatures vanquished.

Grand Total: 210 creatures vanquished

Notes
Turn   | Place    | Note
-------+----------+-------------------------------------------
     0 | D:1      | AttackTheMoon the Gnoll Fighter began the quest for the
                  | Orb.
     0 | D:1      | Reached XP level 1. HP: 23/23 MP: 1/1
   146 | D:1      | Reached XP level 2. HP: 28/29 MP: 2/2
   358 | D:1      | Found a faded altar of an unknown god.
   818 | D:2      | Reached XP level 3. HP: 35/35 MP: 3/3
   980 | D:2      | Reached skill level 1 in Invocations
  1112 | D:2      | Reached skill level 1 in Short Blades
  1112 | D:2      | Reached skill level 1 in Long Blades
  1112 | D:2      | Reached skill level 1 in Maces & Flails
  1112 | D:2      | Reached skill level 1 in Polearms
  1112 | D:2      | Reached skill level 1 in Staves
  1112 | D:2      | Reached skill level 1 in Ranged Weapons
  1112 | D:2      | Reached skill level 1 in Throwing
  1112 | D:2      | Reached skill level 1 in Dodging
  1112 | D:2      | Reached skill level 1 in Stealth
  1112 | D:2      | Reached skill level 1 in Unarmed Combat
  1112 | D:2      | Reached skill level 1 in Spellcasting
  1112 | D:2      | Reached skill level 1 in Evocations
  1117 | D:2      | Reached XP level 4. HP: 28/41 MP: 5/5
  1126 | D:2      | Reached skill level 1 in Conjurations
  1126 | D:2      | Reached skill level 1 in Hexes
  1126 | D:2      | Reached skill level 1 in Summonings
  1126 | D:2      | Reached skill level 1 in Necromancy
  1126 | D:2      | Reached skill level 1 in Translocations
  1126 | D:2      | Reached skill level 1 in Transmutations
  1126 | D:2      | Reached skill level 1 in Fire Magic
  1126 | D:2      | Reached skill level 1 in Ice Magic
  1126 | D:2      | Reached skill level 1 in Air Magic
  1126 | D:2      | Reached skill level 1 in Earth Magic
  1126 | D:2      | Reached skill level 1 in Poison Magic
  1693 | D:3      | Reached XP level 5. HP: 46/47 MP: 7/7
  1743 | D:3      | Found a runed translucent gate.
  1743 | D:3      | Found a runed translucent gate.
  1743 | D:3      | Found a runed translucent gate.
  1800 | D:3      | Noticed porpoise's ghost (amateur HOAM)
  1949 | D:3      | Found a sparkling altar of Nemelex Xobeh.
  1998 | D:3      | Reached XP level 6. HP: 49/53 MP: 8/8
  2372 | D:3      | Identified 3 scrolls of acquirement
  2378 | D:3      | Acquired 775 gold pieces
  2380 | D:3      | Acquired 380 gold pieces
  2382 | D:3      | Acquired the +3 pair of mountain boots {steadfast, rC+}
  2382 | D:3      | Found the +3 pair of mountain boots {steadfast, rC+}
  2439 | D:3      | Killed porpoise's ghost
  2440 | D:3      | Reached skill level 5 in Axes
  2596 | D:4      | Found an opulent altar of Gozag.
  2696 | D:4      | Reached XP level 7. HP: 52/60 MP: 10/10
  2889 | D:4      | Found a sand-covered staircase.
  2894 | Ossuary  | Entered an ossuary
  3101 | Ossuary  | Identified the +1 pair of boots of Beycsus {Str+4 Int+3}
  3448 | D:5      | Entered Level 5 of the Dungeon
  3482 | D:5      | Reached XP level 8. HP: 32/67 MP: 12/12
  4166 | D:5      | Found a bloodstained altar of Trog.
  4324 | D:5      | Found a shimmering blue altar of Sif Muna.
  4328 | D:5      | Got Sif Muna's Catalogue of Shaping and Earth
  4521 | D:5      | Found a stormy altar of Qazlal.
  4635 | D:6      | Noticed Eustachio
  4653 | D:6      | Killed Eustachio
  4972 | D:6      | Found a shimmering altar of Xom.
  5003 | D:6      | Found a staircase to the Ecumenical Temple.
  5009 | Temple   | Entered the Ecumenical Temple
  5019 | Temple   | Became a worshipper of Ashenzari the Shackled
  5434 | D:6      | Reached XP level 9. HP: 69/73 MP: 13/15
  5501 | D:6      | Noticed a troll
  5525 | D:6      | Killed a troll
  6069 | D:7      | Found a snail-covered altar of Cheibriados.
  6095 | D:7      | Found an iron altar of Okawaru.
  6676 | D:7      | Reached skill level 5 in Invocations
  7090 | D:7      | Found a basalt altar of Yredelemnul.
  7384 | D:8      | Upgraded the game from 0.30-a0-23-ge60ba3568b to
                  | 0.30-a0-29-g142975f185
  7397 | D:8      | Noticed Psyche
  7398 | D:8      | Noticed a two-headed ogre
  7623 | D:8      | Noticed Grum
  7825 | D:7      | Reached * piety under Ashenzari
  7846 | D:7      | Reached skill level 5 in Short Blades
  7846 | D:7      | Reached skill level 5 in Long Blades
  7846 | D:7      | Reached skill level 5 in Maces & Flails
  7846 | D:7      | Reached skill level 5 in Polearms
  7846 | D:7      | Reached skill level 5 in Staves
  7846 | D:7      | Reached skill level 5 in Ranged Weapons
  7846 | D:7      | Reached skill level 5 in Throwing
  7846 | D:7      | Reached skill level 5 in Dodging
  7846 | D:7      | Reached skill level 5 in Stealth
  7846 | D:7      | Reached skill level 5 in Unarmed Combat
  7846 | D:7      | Reached skill level 5 in Spellcasting
  7846 | D:7      | Reached skill level 5 in Evocations
  7846 | D:7      | Reached XP level 10. HP: 79/81 MP: 17/17
  8445 | D:8      | Killed Grum
  8458 | D:7      | Killed Psyche
  8635 | D:8      | Killed a two-headed ogre
  9245 | D:8      | Found Meudeise's Weapon Shoppe.
  9676 | D:9      | Noticed a brown ugly thing
  9693 | D:9      | Killed a brown ugly thing
  9694 | D:9      | Reached skill level 5 in Conjurations
  9694 | D:9      | Reached skill level 5 in Hexes
  9694 | D:9      | Reached skill level 5 in Summonings
  9694 | D:9      | Reached skill level 5 in Necromancy
  9694 | D:9      | Reached skill level 5 in Translocations
  9694 | D:9      | Reached skill level 5 in Transmutations
  9694 | D:9      | Reached skill level 5 in Fire Magic
  9694 | D:9      | Reached skill level 5 in Ice Magic
  9694 | D:9      | Reached skill level 5 in Air Magic
  9694 | D:9      | Reached skill level 5 in Earth Magic
  9694 | D:9      | Reached skill level 5 in Poison Magic
  9694 | D:9      | Reached XP level 11. HP: 76/89 MP: 18/20
  9781 | D:9      | HP: 2/89 [troll (12)]
  9781 | D:9      | Mangled by a troll

Illustrated notes

Levels and vault maps discovered:
D:1:      dreamdust_arrival_sigmund_warning, layout_loops_ring,
          basic_ecumenical_altar, minmay_misc_feat_cross, hangedman_decor_push,
          minmay_pentomino_o2
D:2:      layout_basic
D:3:      layout_loops_ring, nemelex_spade_bored_becter, gammafunk_ghost_icy,
          solitary_fountain
D:4:      layout_basic, mainiacjoe_overflow_tiny_flanked, enter_ossuary_2
D:5:      layout_basic, mainiacjoe_overflow_boulevard,
          nzn_overflow_gifts_of_might_and_magic, serial_corexii_hall,
          chequers_hall_statues_y, corexii_hall_statues_i
D:6:      layout_cave_pods, xom_butterflies, temple_fountains, uniq_eustachio
D:7:      layout_loops_corners, nicolae_overflow_crystal_walls, slow_altar_1,
          okawaru_metal_pillars_1_2, st_stairs_11, columned_hall_lemuel
D:8:      layout_rooms, serial_shops, nicolae_shop_bloodbath_and_beyond,
          uniq_psyche, uniq_grum
D:9:      layout_stronghold, erik_lair_island
Temple:   nicolae_temple_x_marks_the_god

Skill      XL: |  1  2  3  4  5  6  7  8  9 10 |
---------------+-------------------------------+-----
Invocations    | 1 2 3 4 5 6 |  6.6
Short Blades   | 1 2 3 4 5 6 |  6.0
Long Blades    | 1 2 3 4 5 6 |  6.0
Maces & Flails | 1 2 3 4 5 6 |  6.0
Polearms       | 1 2 3 4 5 6 |  6.0
Staves         | 1 2 3 4 5 6 |  6.0
Ranged Weapons | 1 2 3 4 5 6 |  6.0
Throwing       | 1 2 3 4 5 6 |  6.0
Dodging        | 1 2 3 4 5 6 |  6.0
Stealth        | 1 2 3 4 5 6 |  6.0
Unarmed Combat | 1 2 3 4 5 6 |  6.0
Spellcasting   | 1 2 3 4 5 6 |  6.0
Evocations     | 1 2 3 4 5 6 |  6.0
Conjurations   | 1 2 3 4 5 |  5.0
Hexes          | 1 2 3 4 5 |  5.0
Summonings     | 1 2 3 4 5 |  5.0
Necromancy     | 1 2 3 4 5 |  5.0
Translocations | 1 2 3 4 5 |  5.0
Transmutations | 1 2 3 4 5 |  5.0
Fire Magic     | 1 2 3 4 5 |  5.0
Ice Magic      | 1 2 3 4 5 |  5.0
Air Magic      | 1 2 3 4 5 |  5.0
Earth Magic    | 1 2 3 4 5 |  5.0
Poison Magic   | 1 2 3 4 5 |  5.0
Axes           | 5 6 7 |  7.6
Fighting       | 7 8 9 |  9.0
Armour         | 7 8 9 |  9.0
Shields        | 7 8 9 |  9.0

Action                   |  1- 3 |  4- 6 |  7- 9 | 10-12 || total
-------------------------+-------+-------+-------+-------++-------
Melee: War axe           |    83 |   148 |   453 |   149 ||   833
       Bite              |     4 |    12 |    41 |    16 ||    73
Invok: Curse Item        |       |       |     2 |       ||     2
Evoke: Wand              |       |       |     2 |    13 ||    15
  Use: Scroll            |     2 |     7 |    10 |       ||    19
       Potion            |       |       |     5 |     2 ||     7
Armor: Scale mail        |    43 |    56 |   186 |    76 ||   361
Dodge: Dodged            |    39 |    50 |   161 |    52 ||   302
Block: Buckler           |    35 |    97 |   254 |    86 ||   472
       Reflection        |     2 |       |     3 |       ||     5

Table legend: (Time is in decaauts)
 A = Elapsed time spent in this place.
 B = Non-inter-level travel time spent in this place.
 C = Inter-level travel time spent in this place.
 D = Time resting spent in this place.
 E = Time spent auto-exploring this place.
 F = Levels seen in this place.
 G = Mean time per level.
                   A        B        C        D        E       F      G
               +--------+--------+--------+--------+--------+-----+--------+
         Total |  10004 |   9598 |    406 |   1594 |   6102 |  11 |  909.5 |
       Dungeon |   9719 |   9313 |    406 |   1594 |   5997 |   9 | 1079.9 |
        Temple |     18 |     18 |      0 |      0 |      0 |   1 |   18.0 |
       Ossuary |    266 |    266 |      0 |      0 |    105 |   1 |  266.0 |
               +--------+--------+--------+--------+--------+-----+--------+

Top non-repeatable levels by time:
     D:7: 2905 daAuts
     D:6: 1381 daAuts
     D:5: 1209 daAuts
     D:3: 981 daAuts
     D:1: 817 daAuts
     D:2: 767 daAuts
     D:4: 734 daAuts
     D:8: 575 daAuts
     D:9: 347 daAuts
 Ossuary: 266 daAuts
  Temple: 18 daAuts
